 Dungeon Crawl Stone Soup version 0.23.1 (webtiles) character file.

Game seed: 14264866389603742559

5096 vishdafish the Blocker (level 10, -15/81 (82) HPs)
             Began as a Gnoll Fighter on Mar 12, 2019.
             Was an Initiate of Gozag.
             Demolished by a skeletal warrior
             ... wielding a +0 dire flail
              (21 damage)
             ... on level 9 of the Dungeon.
             The game lasted 00:13:24 (7990 turns).

vishdafish the Blocker (Gnoll Fighter)              Turns: 7990, Time: 00:13:25

HP:   -15/81 (82)   AC: 12    Str: 22    XL:     10   Next: 57%
MP:   17/17         EV: 12    Int: 10    God:    Gozag
Gold: 1429          SH: 15    Dex: 15    Spells: 19/19 levels left

rFire    . . .     SeeInvis .   a - +0 long sword
rCold    . . .     Gourm    .   c - +0 shield
rNeg     + . .     Faith    .   b - +0 scale mail
rPois    .         Spirit   .   (no helmet)
rElec    .         Reflect  +   (no cloak)
rCorr    .         Harm     .   x - +0 pair of gloves
MR       .....                  (no boots)
Stlth    ++........             v - +3 amulet of reflection
HPRegen  0.23/turn              i - +3 ring of protection
MPRegen  0.15/turn              u - ring of positive energy

@: gold aura, slowed, very slow
A: distributed training, fangs 1, strong nose
a: Potion Petition, Call Merchant, Bribe Branch, Renounce Religion


You were on level 9 of the Dungeon.
You worshipped Gozag.
Gozag was most pleased with you.
You were near starving.

You visited 1 branch of the dungeon, and saw 9 of its levels.
You also visited: Ossuary.

You collected 1445 gold pieces.
You paid 16 gold pieces to Gozag.

Inventory:

Hand Weapons
 a - a +0 long sword (weapon)
 H - a +2 dagger of speed
Armour
 b - a +0 scale mail (worn)
 c - a +0 shield (worn)
 x - a +0 pair of gloves (worn)
Jewellery
 i - a +3 ring of protection (left hand)
 t - an uncursed amulet of guardian spirit
 u - a ring of positive energy (right hand)
 v - a +3 amulet of reflection (around neck)
 A - a +2 ring of intelligence
 B - an uncursed amulet of the acrobat
 P - an uncursed ring of ice
Wands
 m - a wand of acid (4)
 z - a wand of flame (11)
 D - a wand of paralysis (6)
 K - a wand of random effects (9)
 L - a wand of iceblast (5)
 N - a wand of enslavement (20)
Scrolls
 g - 9 scrolls of identify {unknown}
 j - 2 scrolls of amnesia {unknown}
 l - 3 scrolls of fear {unknown}
 n - 2 scrolls of enchant armour {unknown}
 o - 2 scrolls of immolation {unknown}
 s - 5 scrolls of teleportation {unknown}
 y - 2 scrolls of noise {unknown}
 C - 5 scrolls of remove curse {unknown}
 E - 2 scrolls of random uselessness {unknown}
 F - a scroll of enchant weapon {unknown}
 G - a scroll of silence {unknown}
 J - 3 scrolls of blinking {unknown}
 O - a scroll of fog {unknown}
 R - a scroll of magic mapping {unknown}
Potions
 d - 4 potions of might
 e - a potion of magic {unknown}
 h - 4 potions of heal wounds {unknown}
 k - a potion of agility {unknown}
 p - 6 potions of brilliance {unknown}
 q - 3 potions of mutation {unknown}
 r - 5 potions of curing {unknown}
 w - 2 potions of berserk rage {unknown}
 I - 2 potions of lignification {unknown}
 Q - a potion of degeneration {unknown}
Comestibles
 f - 16 rations


   Skills:
 + Level 8.5 Fighting
 + Level 5.3 Short Blades
 + Level 7.1 Long Blades
 + Level 5.3 Axes
 + Level 5.3 Maces & Flails
 + Level 5.3 Polearms
 + Level 5.3 Staves
 + Level 5.3 Slings
 + Level 5.3 Bows
 + Level 5.3 Crossbows
 + Level 5.3 Throwing
 + Level 8.5 Armour
 + Level 5.3 Dodging
 + Level 5.3 Stealth
 + Level 8.5 Shields
 + Level 5.3 Unarmed Combat
 + Level 5.3 Spellcasting
 + Level 4.4 Conjurations
 + Level 4.4 Hexes
 + Level 4.4 Charms
 + Level 4.4 Summonings
 + Level 4.4 Necromancy
 + Level 4.4 Translocations
 + Level 4.4 Transmutations
 + Level 4.4 Fire Magic
 + Level 4.4 Ice Magic
 + Level 4.4 Air Magic
 + Level 4.4 Earth Magic
 + Level 4.4 Poison Magic
 + Level 5.8 Invocations
 + Level 5.3 Evocations


You had 19 spell levels left.
You didn't know any spells.
Your spell library contained the following spells:

 Spells                   Type           Power        Failure   Level  Hunger
 Animate Skeleton         Necr           N/A          21%         1    None
 Pain                     Necr           ##..         21%         1    None
 Regeneration             Chrm/Necr      ##........   52%         3    ###....
 Vampiric Draining        Necr           ##........   52%         3    ###....
 Animate Dead             Necr           N/A          89%         4    ####...


Dungeon Overview and Level Annotations

Branches:
Dungeon (9/15)             Temple (0/1) D:6
   Lair: D:8-11         Orc: D:9-12

Altars:
Ashenzari
Elyvilon
Fedhas
Gozag
Ru
Trog
Wu Jian


Innate Abilities, Weirdness & Mutations

Your experience applies equally to all skills.
You have very sharp teeth.
Your uncanny sense of smell can sniff out nearby items.


Message History

The wraith hits you. The wraith drains your vigour!
You feel as though you will be slow longer.
You slash the wraith!
The wraith is almost destroyed.
The wraith hits you. The wraith drains your vigour!
You feel as though you will be slow longer.
The wraith hits you! The wraith drains your vigour!
You feel as though you will be slow longer.
You slash the wraith!
You destroy the wraith!
The skeletal warrior hits you with a +0 dire flail!!
* * * LOW HITPOINT WARNING * * *
Evoke which item? (* to show all) (? for menu, Esc to quit)
Aiming: Corrosive Bolt
Press: ? - help, Shift-Dir - straight line, f - skeletal warrior
Aim: a skeletal warrior, wielding a +0 dire flail (almost destroyed, covered in acid)
The bolt of acid misses the skeletal warrior.
The skeletal warrior hits you with a +0 dire flail!!
You die...
Your body crumbles into a pile of gold.

# #...........# #
#...........#
######.......Z...#
..(.$....#######.#
..$.$....# #$#
####$....# #$#
.........# #.#
........## #z#
........# #@##
........# #..#
........########..#
..................#
.......############
.......# ..>....#
.......# ####...#


You could see a skeletal warrior.

Vanquished Creatures
  Prince Ribbit (D:6)
  3 flying skulls (D:9)
  Sigmund (D:4)
  2 wraiths (D:9)
  A spriggan (D:8)
  A steam dragon (D:9)
  Eustachio (D:4)
  Duvessa (D:6)
  2 orc warriors
  An ice beast (D:4)
  A necrophage (D:6)
  2 phantoms
  3 ogres
  4 centaurs
  6 bullfrogs
  Blork the orc (D:6)
  Dowan (D:6)
  A wyvern zombie (D:7)
  2 scorpions
  4 jellies
  4 killer bees (D:7)
  5 crimson imps
  2 hounds
  2 centaur zombies (D:7)
  4 orc priests
  6 orc wizards
  3 centaur skeletons
  4 iguanas
  3 worker ants
  Terence (D:3)
  A hound zombie (D:9)
  2 hound skeletons
  8 mummies (Ossuary)
  16 adders
  4 gnolls (D:5)
  A shadow imp (D:7)
  3 adder skeletons
  3 worms
  A dart slug (D:2)
  5 leopard geckos
  26 orcs
  5 ball pythons
  5 giant cockroaches
  A gnoll zombie (Ossuary)
  8 goblins
  3 hobgoblins (D:2)
  16 jackals
  5 quokkas
  11 bats
  5 frilled lizards
  A giant cockroach zombie (D:6)
  4 hobgoblin zombies (Ossuary)
  A jackal skeleton (D:7)
  3 kobolds
  3 kobold zombies (Ossuary)
  2 quokka zombies
  5 rats
221 creatures vanquished.

Vanquished Creatures (others)
  2 jackals (D:9)
2 creatures vanquished.

Grand Total: 223 creatures vanquished

Notes
Turn   | Place    | Note
-------+----------+-------------------------------------------
     0 | D:1      | vishdafish the Gnoll Fighter began the quest for the Orb.
     0 | D:1      | Reached XP level 1. HP: 23/23 MP: 1/1
   395 | D:1      | Reached XP level 2. HP: 29/29 MP: 2/2
   713 | D:2      | Found a sacrificial altar of Ru.
   767 | D:2      | Reached XP level 3. HP: 35/35 MP: 3/3
   829 | D:2      | Reached skill level 1 in Invocations
   842 | D:2      | Reached skill level 1 in Short Blades
   842 | D:2      | Reached skill level 1 in Axes
   842 | D:2      | Reached skill level 1 in Maces & Flails
   842 | D:2      | Reached skill level 1 in Polearms
   842 | D:2      | Reached skill level 1 in Staves
   842 | D:2      | Reached skill level 1 in Slings
   842 | D:2      | Reached skill level 1 in Bows
   842 | D:2      | Reached skill level 1 in Crossbows
   842 | D:2      | Reached skill level 1 in Throwing
   842 | D:2      | Reached skill level 1 in Dodging
   842 | D:2      | Reached skill level 1 in Stealth
   842 | D:2      | Reached skill level 1 in Unarmed Combat
   842 | D:2      | Reached skill level 1 in Spellcasting
   842 | D:2      | Reached skill level 1 in Evocations
   922 | D:2      | Reached XP level 4. HP: 34/41 MP: 5/5
   970 | D:2      | Reached skill level 1 in Conjurations
   970 | D:2      | Reached skill level 1 in Hexes
   970 | D:2      | Reached skill level 1 in Charms
   970 | D:2      | Reached skill level 1 in Summonings
   970 | D:2      | Reached skill level 1 in Necromancy
   970 | D:2      | Reached skill level 1 in Translocations
   970 | D:2      | Reached skill level 1 in Transmutations
   970 | D:2      | Reached skill level 1 in Fire Magic
   970 | D:2      | Reached skill level 1 in Ice Magic
   970 | D:2      | Reached skill level 1 in Air Magic
   970 | D:2      | Reached skill level 1 in Earth Magic
   970 | D:2      | Reached skill level 1 in Poison Magic
  1216 | D:2      | Reached XP level 5. HP: 45/47 MP: 5/7
  1736 | D:3      | Found an opulent altar of Gozag.
  1744 | D:3      | Became a worshipper of Gozag Ym Sagoz the Greedy
  1805 | D:3      | Noticed Terence
  1817 | D:3      | Killed Terence
  1817 | D:3      | Reached XP level 6. HP: 53/53 MP: 8/8
  2199 | D:4      | Noticed Sigmund
  2253 | D:4      | Killed Sigmund
  2253 | D:4      | Reached skill level 5 in Long Blades
  2253 | D:4      | Reached XP level 7. HP: 54/59 MP: 8/10
  2341 | D:4      | Noticed Eustachio
  2368 | D:4      | Killed Eustachio
  2735 | D:5      | Entered Level 5 of the Dungeon
  2937 | D:4      | Reached XP level 8. HP: 32/67 MP: 12/12
  3412 | D:5      | Found a shattered altar of Ashenzari.
  3412 | D:5      | Found an ornate altar of the Wu Jian Council.
  3669 | D:6      | Noticed Dowan
  3669 | D:6      | Noticed Duvessa
  3731 | D:6      | Killed Duvessa
  3749 | D:6      | Killed Dowan
  3978 | D:6      | Found a staircase to the Ecumenical Temple.
  4001 | D:6      | Found a sacrificial altar of Ru.
  4095 | D:6      | Noticed Blork the orc
  4117 | D:6      | Killed Blork the orc
  4244 | D:6      | Noticed Prince Ribbit
  4259 | D:6      | Killed Prince Ribbit
  4259 | D:6      | Reached XP level 9. HP: 45/72 MP: 14/14
  5123 | D:7      | Found a sand-covered staircase.
  5160 | Ossuary  | Entered an ossuary
  6008 | D:7      | Reached skill level 5 in Invocations
  6433 | D:8      | Found a bloodstained altar of Trog.
  6577 | D:8      | Reached XP level 10. HP: 66/79 MP: 17/17
  6815 | D:8      | Found a white marble altar of Elyvilon.
  6970 | D:9      | Found a blossoming altar of Fedhas.
  7440 | D:9      | Reached skill level 5 in Short Blades
  7440 | D:9      | Reached skill level 5 in Axes
  7440 | D:9      | Reached skill level 5 in Maces & Flails
  7440 | D:9      | Reached skill level 5 in Polearms
  7440 | D:9      | Reached skill level 5 in Staves
  7440 | D:9      | Reached skill level 5 in Slings
  7440 | D:9      | Reached skill level 5 in Bows
  7440 | D:9      | Reached skill level 5 in Crossbows
  7440 | D:9      | Reached skill level 5 in Throwing
  7440 | D:9      | Reached skill level 5 in Dodging
  7440 | D:9      | Reached skill level 5 in Stealth
  7440 | D:9      | Reached skill level 5 in Unarmed Combat
  7440 | D:9      | Reached skill level 5 in Spellcasting
  7440 | D:9      | Reached skill level 5 in Evocations
  7968 | D:9      | Noticed a skeletal warrior
  7990 | D:9      | Demolished by a skeletal warrior

Skill      XL: |  1  2  3  4  5  6  7  8  9 10 |
---------------+-------------------------------+-----
Invocations    | 1 2 3 4 5 |  5.8
Short Blades   | 1 2 3 4 5 |  5.3
Axes           | 1 2 3 4 5 |  5.3
Maces & Flails | 1 2 3 4 5 |  5.3
Polearms       | 1 2 3 4 5 |  5.3
Staves         | 1 2 3 4 5 |  5.3
Slings         | 1 2 3 4 5 |  5.3
Bows           | 1 2 3 4 5 |  5.3
Crossbows      | 1 2 3 4 5 |  5.3
Throwing       | 1 2 3 4 5 |  5.3
Dodging        | 1 2 3 4 5 |  5.3
Stealth        | 1 2 3 4 5 |  5.3
Unarmed Combat | 1 2 3 4 5 |  5.3
Spellcasting   | 1 2 3 4 5 |  5.3
Evocations     | 1 2 3 4 5 |  5.3
Conjurations   | 1 2 3 4 |  4.4
Hexes          | 1 2 3 4 |  4.4
Charms         | 1 2 3 4 |  4.4
Summonings     | 1 2 3 4 |  4.4
Necromancy     | 1 2 3 4 |  4.4
Translocations | 1 2 3 4 |  4.4
Transmutations | 1 2 3 4 |  4.4
Fire Magic     | 1 2 3 4 |  4.4
Ice Magic      | 1 2 3 4 |  4.4
Air Magic      | 1 2 3 4 |  4.4
Earth Magic    | 1 2 3 4 |  4.4
Poison Magic   | 1 2 3 4 |  4.4
Long Blades    | 5 6 7 |  7.1
Fighting       | 7 8 |  8.5
Armour         | 7 8 |  8.5
Shields        | 7 8 |  8.5

Action                   |  1- 3 |  4- 6 |  7- 9 | 10-12 || total
-------------------------+-------+-------+-------+-------++-------
Melee: Long sword        |    89 |   148 |   469 |   228 ||   934
       Bite              |     7 |    27 |   110 |    40 ||   184
       Dagger            |       |       |   145 |       ||   145
Throw: Tomahawk          |       |       |       |     4 ||     4
Evoke: Wand              |       |       |    13 |     9 ||    22
 Stab: Paralysed         |       |       |     5 |     4 ||     9
       Invisible         |       |       |     1 |       ||     1
       Distracted        |       |       |       |     1 ||     1
  Eat: Chunk             |       |     2 |       |     1 ||     3
       Ration            |       |     1 |     4 |     1 ||     6
Armor: Scale mail        |    45 |    53 |   135 |    70 ||   303
Dodge: Dodged            |    36 |    44 |   182 |    81 ||   343
Block: Shield            |    63 |    59 |   390 |   209 ||   721
       Reflection        |       |       |     7 |     3 ||    10
       Rpst.: Long sword |    10 |    16 |    54 |    29 ||   109
